Workbook

Sheet Notes
A1: NOTES
A3: Il est important de ne rien inscrire dans les cases grises car elles sont liées à des formules.
A5: Lorsque vous écrivez vos postes de revenus et de dépenses dans les cases vertes du Budget de caisse - An-1, ces derniers se retranscrivent automatiquerment dans le Budget de caisse An-2 et An-3.
A7: Vos hypothèses de revenus et de coûts doivent être les plus réalistes possibles.
A11: En tout temps, n'hésitez pas à contacter un conseiller de la SADC d'Abitibi-Ouest pour vous aider.
A15: SADC d'Abitibi-Ouest
A16: 80, 12e avenue Est, bureau 202
A17: La Sarre (Québec) J9Z 3K6
A19: Téléphone : 819 333-3113
A20: sadcao@sadcao.com
A21: www.sadcao.com

Sheet Coût et Financement
A1: COÛTS DE DÉPART ET SOURCES DE FINANCEMENT
A4: Coût du projet global | E4: Financement du projet
A6: Exemple de coûts | B6: $ | C6: % | E6: Emprunts court terme | F6: $ | G6: %
A7: Fonds de roulement | B7: 0 | C7: =B7/$B$28 -> #DIV/0! | E7: Marge de crédit | F7: 0 | G7: =F7/$F$28 -> #DIV/0!
A8: Inventaire | B8: 0 | C8: =B8/$B$28 -> #DIV/0! | E8: Prêt 1 | F8: 0 | G8: =F8/$F$28 -> #DIV/0!
A9: Frais notaire, comptable… | B9: 0 | C9: =B9/$B$28 -> #DIV/0! | E9: Prêt 2 | F9: 0 | G9: =F9/$F$28 -> #DIV/0!
A10: Publicité | B10: 0 | C10: =B10/$B$28 -> #DIV/0! | E10: Sous-total | F10: =SUM(F7:F9) -> 0 | G10: =F10/$F$28 -> #DIV/0!
A11: Achat équipements | B11: 0 | C11: =B11/$B$28 -> #DIV/0!
A12: Achat bâtiment | B12: 0 | C12: =B15/$B$28 -> #DIV/0! | E12: Emprunts long terme
B13: 0 | C13: =B16/$B$28 -> #DIV/0! | E13: Prêt 1 | F13: 0 | G13: =F13/$F$28 -> #DIV/0!
B14: 0 | C14: =B17/$B$28 -> #DIV/0! | E14: Prêt 2 | F14: 0 | G14: =F14/$F$28 -> #DIV/0!
B15: 0 | C15: =B18/$B$28 -> #DIV/0! | E15: Prêt 3 | F15: 0 | G15: =F15/$F$28 -> #DIV/0!
B16: 0 | C16: =B19/$B$28 -> #DIV/0! | E16: Sous-total | F16: =SUM(F13:F15) -> 0 | G16: =F16/$F$28 -> #DIV/0!
B17: 0 | C17: =B20/$B$28 -> #DIV/0!
B18: 0 | C18: =B21/$B$28 -> #DIV/0! | E18: Subventions
B19: 0 | C19: =B22/$B$28 -> #DIV/0! | E19: Subvention 1 | F19: 0 | G19: =F19/$F$28 -> #DIV/0!
B20: 0 | C20: =B23/$B$28 -> #DIV/0! | E20: Subvention 2 | F20: 0 | G20: =F20/$F$28 -> #DIV/0!
B21: 0 | C21: =B24/$B$28 -> #DIV/0! | E21: Sous-total | F21: =SUM(F19:F20) -> 0 | G21: =F21/$F$28 -> #DIV/0!
B22: 0 | C22: =B25/$B$28 -> #DIV/0!
B23: 0 | C23: =B26/$B$28 -> #DIV/0! | E23: Mise de fonds
B24: 0 | C24: =B27/$B$28 -> #DIV/0! | E24: En argent | F24: 0 | G24: =F24/$F$28 -> #DIV/0!
B25: 0 | C25: =B28/$B$28 -> #DIV/0! | E25: En actif | F25: 0 | G25: =F25/$F$28 -> #DIV/0!
B26: 0 | C26: =B29/$B$28 -> #DIV/0! | E26: Sous-total | F26: =SUM(F24:F25) -> 0 | G26: =F26/$F$28 -> #DIV/0!
B27: 0 | C27: =B30/$B$28 -> #DIV/0!
A28: Total | B28: =SUM(B7:B27) -> 0 | C28: =B28/$B$28 -> #DIV/0! | E28: Total | F28: =F26+F21+F16+F10 -> 0 | G28: =F28/$F$28 -> #DIV/0!
A32: Note : Le total de la section "Coût projet global" doit être égal au total de la section "Financement"

Sheet Budget de caisse - An 1
C1: BUDGET DE CAISSE - AN 1
C2: Total | D2: JANVIER | E2: FEVRIER | F2: MARS | G2: AVRIL | H2: MAI | I2: JUIN | J2: JUILLET | K2: AOUT | L2: SEPTEMBRE | M2: OCTOBRE | N2: NOVEMBRE | O2: DECEMBRE
A3: ENTRÉES DE FONDS
A5: Revenus d'opération
B6: Revenu A | C6: =SUM(D6:O6) -> 0 | D6: 0 | E6: 0 | F6: 0 | G6: 0 | H6: 0 | I6: 0 | J6: 0 | K6: 0 | L6: 0 | M6: 0 | N6: 0 | O6: 0
B7: Revenu B | C7: =SUM(D7:O7) -> 0 | D7: 0 | E7: 0 | F7: 0 | G7: 0 | H7: 0 | I7: 0 | J7: 0 | K7: 0 | L7: 0 | M7: 0 | N7: 0 | O7: 0
B8: Revenu C | C8: =SUM(D8:O8) -> 0 | D8: 0 | E8: 0 | F8: 0 | G8: 0 | H8: 0 | I8: 0 | J8: 0 | K8: 0 | L8: 0 | M8: 0 | N8: 0 | O8: 0
B9: Revenu D | C9: =SUM(D9:O9) -> 0 | D9: 0 | E9: 0 | F9: 0 | G9: 0 | H9: 0 | I9: 0 | J9: 0 | K9: 0 | L9: 0 | M9: 0 | N9: 0 | O9: 0
B10: Revenu E | C10: =SUM(D10:O10) -> 0 | D10: 0 | E10: 0 | F10: 0 | G10: 0 | H10: 0 | I10: 0 | J10: 0 | K10: 0 | L10: 0 | M10: 0 | N10: 0 | O10: 0
B11: Revenu F | C11: =SUM(D11:O11) -> 0 | D11: 0 | E11: 0 | F11: 0 | G11: 0 | H11: 0 | I11: 0 | J11: 0 | K11: 0 | L11: 0 | M11: 0 | N11: 0 | O11: 0
A13: Sous-total | C13: =SUM(D13:O13) -> 0 | D13: =SUM(D6:D12) -> 0 | E13: =SUM(E6:E12) -> 0 | F13: =SUM(F6:F12) -> 0 | G13: =SUM(G6:G12) -> 0 | H13: =SUM(H6:H12) -> 0 | I13: =SUM(I6:I12) -> 0 | J13: =SUM(J6:J12) -> 0 | K13: =SUM(K6:K12) -> 0 | ... O13: =SUM(O6:O12) -> 0
A15: Autres revenus
B16: Autre | C16: =SUM(D16:O16) -> 0 | D16: 0 | E16: 0 | F16: 0 | G16: 0 | H16: 0 | I16: 0 | J16: 0 | K16: 0 | L16: 0 | M16: 0 | N16: 0 | O16: 0
B17: Autre | C17: =SUM(D17:O17) -> 0 | D17: 0 | E17: 0 | F17: 0 | G17: 0 | H17: 0 | I17: 0 | J17: 0 | K17: 0 | L17: 0 | M17: 0 | N17: 0 | O17: 0
B18: Autre | C18: =SUM(D18:O18) -> 0 | D18: 0 | E18: 0 | F18: 0 | G18: 0 | H18: 0 | I18: 0 | J18: 0 | K18: 0 | L18: 0 | M18: 0 | N18: 0 | O18: 0
B19: Autre | C19: =SUM(D19:O19) -> 0 | D19: 0 | E19: 0 | F19: 0 | G19: 0 | H19: 0 | I19: 0 | J19: 0 | K19: 0 | L19: 0 | M19: 0 | N19: 0 | O19: 0
A21: Sous-total | C21: =SUM(D21:O21) -> 0 | D21: =SUM(D16:D20) -> 0 | E21: =SUM(E16:E20) -> 0 | F21: =SUM(F16:F20) -> 0 | G21: =SUM(G16:G20) -> 0 | H21: =SUM(H16:H20) -> 0 | I21: =SUM(I16:I20) -> 0 | J21: =SUM(J16:J20) -> 0 | K21: =SUM(K16:K20) -> 0 | ... O21: =SUM(O16:O20) -> 0
A23: TOTAL ENTRÉES DE FONDS | C23: =C13+C21 -> 0 | D23: =D13+D21 -> 0 | E23: =E13+E21 -> 0 | F23: =F13+F21 -> 0 | G23: =G13+G21 -> 0 | H23: =H13+H21 -> 0 | I23: =I13+I21 -> 0 | J23: =J13+J21 -> 0 | ... O23: =O13+O21 -> 0
A25: SORTIES DE FONDS
A27: Achat
B28: Achat matières premières | C28: =SUM(D28:O28) -> 0 | D28: 0 | E28: 0 | F28: 0 | G28: 0 | H28: 0 | I28: 0 | J28: 0 | K28: 0 | L28: 0 | M28: 0 | N28: 0 | O28: 0
B29: Achat fournitures | C29: =SUM(D29:O29) -> 0 | D29: 0 | E29: 0 | F29: 0 | G29: 0 | H29: 0 | I29: 0 | J29: 0 | K29: 0 | L29: 0 | M29: 0 | N29: 0 | O29: 0
B30: Transport sur achat | C30: =SUM(D30:O30) -> 0 | D30: 0 | E30: 0 | F30: 0 | G30: 0 | H30: 0 | I30: 0 | J30: 0 | K30: 0 | L30: 0 | M30: 0 | N30: 0 | O30: 0
B31: Autre | C31: =SUM(D31:O31) -> 0 | D31: 0 | E31: 0 | F31: 0 | G31: 0 | H31: 0 | I31: 0 | J31: 0 | K31: 0 | L31: 0 | M31: 0 | N31: 0 | O31: 0
B32: Autre | C32: =SUM(D32:O32) -> 0 | D32: 0 | E32: 0 | F32: 0 | G32: 0 | H32: 0 | I32: 0 | J32: 0 | K32: 0 | L32: 0 | M32: 0 | N32: 0 | O32: 0
B33: Autre | C33: =SUM(D33:O33) -> 0 | D33: 0 | E33: 0 | F33: 0 | G33: 0 | H33: 0 | I33: 0 | J33: 0 | K33: 0 | L33: 0 | M33: 0 | N33: 0 | O33: 0
B34: Autre | C34: =SUM(D34:O34) -> 0 | D34: 0 | E34: 0 | F34: 0 | G34: 0 | H34: 0 | I34: 0 | J34: 0 | K34: 0 | L34: 0 | M34: 0 | N34: 0 | O34: 0
A36: Sous-total | C36: =SUM(D36:O36) -> 0 | D36: =SUM(D28:D35) -> 0 | E36: =SUM(E28:E35) -> 0 | F36: =SUM(F28:F35) -> 0 | G36: =SUM(G28:G35) -> 0 | H36: =SUM(H28:H35) -> 0 | I36: =SUM(I28:I35) -> 0 | J36: =SUM(J28:J35) -> 0 | K36: =SUM(K28:K35) -> 0 | ... O36: =SUM(O28:O35) -> 0
A38: Salaires
B39: Salaires | C39: =SUM(D39:O39) -> 0 | D39: 0 | E39: 0 | F39: 0 | G39: 0 | H39: 0 | I39: 0 | J39: 0 | K39: 0 | L39: 0 | M39: 0 | N39: 0 | O39: 0
B40: Avantages sociaux | C40: =SUM(D40:O40) -> 0 | D40: 0 | E40: 0 | F40: 0 | G40: 0 | H40: 0 | I40: 0 | J40: 0 | K40: 0 | L40: 0 | M40: 0 | N40: 0 | O40: 0
B41: Sous-traitance | C41: =SUM(D41:O41) -> 0 | D41: 0 | E41: 0 | F41: 0 | G41: 0 | H41: 0 | I41: 0 | J41: 0 | K41: 0 | L41: 0 | M41: 0 | N41: 0 | O41: 0
B42: Autre | C42: =SUM(D42:O42) -> 0 | D42: 0 | E42: 0 | F42: 0 | G42: 0 | H42: 0 | I42: 0 | J42: 0 | K42: 0 | L42: 0 | M42: 0 | N42: 0 | O42: 0
A44: Sous-total | C44: =SUM(D44:O44) -> 0 | D44: =SUM(D39:D43) -> 0 | E44: =SUM(E39:E43) -> 0 | F44: =SUM(F39:F43) -> 0 | G44: =SUM(G39:G43) -> 0 | H44: =SUM(H39:H43) -> 0 | I44: =SUM(I39:I43) -> 0 | J44: =SUM(J39:J43) -> 0 | K44: =SUM(K39:K43) -> 0 | ... O44: =SUM(O39:O43) -> 0
A46: Frais généraux
B47: Entretien et réparation | C47: =SUM(D47:O47) -> 0 | D47: 0 | E47: 0 | F47: 0 | G47: 0 | H47: 0 | I47: 0 | J47: 0 | K47: 0 | L47: 0 | M47: 0 | N47: 0 | O47: 0
B48: Location | C48: =SUM(D48:O48) -> 0 | D48: 0 | E48: 0 | F48: 0 | G48: 0 | H48: 0 | I48: 0 | J48: 0 | K48: 0 | L48: 0 | M48: 0 | N48: 0 | O48: 0
B49: Petit outils | C49: =SUM(D49:O49) -> 0 | D49: 0 | E49: 0 | F49: 0 | G49: 0 | H49: 0 | I49: 0 | J49: 0 | K49: 0 | L49: 0 | M49: 0 | N49: 0 | O49: 0
B50: Permis | C50: =SUM(D50:O50) -> 0 | D50: 0 | E50: 0 | F50: 0 | G50: 0 | H50: 0 | I50: 0 | J50: 0 | K50: 0 | L50: 0 | M50: 0 | N50: 0 | O50: 0
B51: Essence | C51: =SUM(D51:O51) -> 0 | D51: 0 | E51: 0 | F51: 0 | G51: 0 | H51: 0 | I51: 0 | J51: 0 | K51: 0 | L51: 0 | M51: 0 | N51: 0 | O51: 0
B52: Électricité et chauffage | C52: =SUM(D52:O52) -> 0 | D52: 0 | E52: 0 | F52: 0 | G52: 0 | H52: 0 | I52: 0 | J52: 0 | K52: 0 | L52: 0 | M52: 0 | N52: 0 | O52: 0
B53: Autre | C53: =SUM(D53:O53) -> 0 | D53: 0 | E53: 0 | F53: 0 | G53: 0 | H53: 0 | I53: 0 | J53: 0 | K53: 0 | L53: 0 | M53: 0 | N53: 0 | O53: 0
B54: Autre | C54: =SUM(D54:O54) -> 0 | D54: 0 | E54: 0 | F54: 0 | G54: 0 | H54: 0 | I54: 0 | J54: 0 | K54: 0 | L54: 0 | M54: 0 | N54: 0 | O54: 0
A56: Sous-total | C56: =SUM(D56:O56) -> 0 | D56: =SUM(D47:D55) -> 0 | E56: =SUM(E47:E55) -> 0 | F56: =SUM(F47:F55) -> 0 | G56: =SUM(G47:G55) -> 0 | H56: =SUM(H47:H55) -> 0 | I56: =SUM(I47:I55) -> 0 | J56: =SUM(J47:J55) -> 0 | K56: =SUM(K47:K55) -> 0 | ... O56: =SUM(O47:O55) -> 0
A58: Frais de vente
B59: Publicité | C59: =SUM(D59:O59) -> 0 | D59: 0 | E59: 0 | F59: 0 | G59: 0 | H59: 0 | I59: 0 | J59: 0 | K59: 0 | L59: 0 | M59: 0 | N59: 0 | O59: 0
B60: Site web | C60: =SUM(D60:O60) -> 0 | D60: 0 | E60: 0 | F60: 0 | G60: 0 | H60: 0 | I60: 0 | J60: 0 | K60: 0 | L60: 0 | M60: 0 | N60: 0 | O60: 0
B61: Frais de représentation | C61: =SUM(D61:O61) -> 0 | D61: 0 | E61: 0 | F61: 0 | G61: 0 | H61: 0 | I61: 0 | J61: 0 | K61: 0 | L61: 0 | M61: 0 | N61: 0 | O61: 0
B62: Autre | C62: =SUM(D62:O62) -> 0 | D62: 0 | E62: 0 | F62: 0 | G62: 0 | H62: 0 | I62: 0 | J62: 0 | K62: 0 | L62: 0 | M62: 0 | N62: 0 | O62: 0
B63: Autre | C63: =SUM(D63:O63) -> 0 | D63: 0 | E63: 0 | F63: 0 | G63: 0 | H63: 0 | I63: 0 | J63: 0 | K63: 0 | L63: 0 | M63: 0 | N63: 0 | O63: 0
A65: Sous-total | C65: =SUM(D65:O65) -> 0 | D65: =SUM(D59:D64) -> 0 | E65: =SUM(E59:E64) -> 0 | F65: =SUM(F59:F64) -> 0 | G65: =SUM(G59:G64) -> 0 | H65: =SUM(H59:H64) -> 0 | I65: =SUM(I59:I64) -> 0 | J65: =SUM(J59:J64) -> 0 | K65: =SUM(K59:K64) -> 0 | ... O65: =SUM(O59:O64) -> 0
A67: Frais d'administration
B68: Honoraires professionnels | C68: =SUM(D68:O68) -> 0 | D68: 0 | E68: 0 | F68: 0 | G68: 0 | H68: 0 | I68: 0 | J68: 0 | K68: 0 | L68: 0 | M68: 0 | N68: 0 | O68: 0
B69: Taxes foncières | C69: =SUM(D69:O69) -> 0 | D69: 0 | E69: 0 | F69: 0 | G69: 0 | H69: 0 | I69: 0 | J69: 0 | K69: 0 | L69: 0 | M69: 0 | N69: 0 | O69: 0
B70: Fournitures bureau | C70: =SUM(D70:O70) -> 0 | D70: 0 | E70: 0 | F70: 0 | G70: 0 | H70: 0 | I70: 0 | J70: 0 | K70: 0 | L70: 0 | M70: 0 | N70: 0 | O70: 0
B71: Assurance | C71: =SUM(D71:O71) -> 0 | D71: 0 | E71: 0 | F71: 0 | G71: 0 | H71: 0 | I71: 0 | J71: 0 | K71: 0 | L71: 0 | M71: 0 | N71: 0 | O71: 0
B72: Téléphone | C72: =SUM(D72:O72) -> 0 | D72: 0 | E72: 0 | F72: 0 | G72: 0 | H72: 0 | I72: 0 | J72: 0 | K72: 0 | L72: 0 | M72: 0 | N72: 0 | O72: 0
B73: Cellulaire | C73: =SUM(D73:O73) -> 0 | D73: 0 | E73: 0 | F73: 0 | G73: 0 | H73: 0 | I73: 0 | J73: 0 | K73: 0 | L73: 0 | M73: 0 | N73: 0 | O73: 0
B74: Internet | C74: =SUM(D74:O74) -> 0 | D74: 0 | E74: 0 | F74: 0 | G74: 0 | H74: 0 | I74: 0 | J74: 0 | K74: 0 | L74: 0 | M74: 0 | N74: 0 | O74: 0
B75: Entretien bâtiment et terrain | C75: =SUM(D75:O75) -> 0 | D75: 0 | E75: 0 | F75: 0 | G75: 0 | H75: 0 | I75: 0 | J75: 0 | K75: 0 | L75: 0 | M75: 0 | N75: 0 | O75: 0
B76: Taxes foncières | C76: =SUM(D76:O76) -> 0 | D76: 0 | E76: 0 | F76: 0 | G76: 0 | H76: 0 | I76: 0 | J76: 0 | K76: 0 | L76: 0 | M76: 0 | N76: 0 | O76: 0
B77: Frais déplacement | C77: =SUM(D77:O77) -> 0 | D77: 0 | E77: 0 | F77: 0 | G77: 0 | H77: 0 | I77: 0 | J77: 0 | K77: 0 | L77: 0 | M77: 0 | N77: 0 | O77: 0
B78: Abonnements | C78: =SUM(D78:O78) -> 0 | D78: 0 | E78: 0 | F78: 0 | G78: 0 | H78: 0 | I78: 0 | J78: 0 | K78: 0 | L78: 0 | M78: 0 | N78: 0 | O78: 0
B79: Autre | C79: =SUM(D79:O79) -> 0 | D79: 0 | E79: 0 | F79: 0 | G79: 0 | H79: 0 | I79: 0 | J79: 0 | K79: 0 | L79: 0 | M79: 0 | N79: 0 | O79: 0
B80: Autre | C80: =SUM(D80:O80) -> 0 | D80: 0 | E80: 0 | F80: 0 | G80: 0 | H80: 0 | I80: 0 | J80: 0 | K80: 0 | L80: 0 | M80: 0 | N80: 0 | O80: 0
A82: Sous-total | C82: =SUM(D82:O82) -> 0 | D82: =SUM(D68:D81) -> 0 | E82: =SUM(E68:E80) -> 0 | F82: =SUM(F68:F80) -> 0 | G82: =SUM(G68:G80) -> 0 | H82: =SUM(H68:H80) -> 0 | I82: =SUM(I68:I80) -> 0 | J82: =SUM(J68:J80) -> 0 | K82: =SUM(K68:K80) -> 0 | L82: =SUM(L68:L80) -> 0 | ... O82: =SUM(O68:O80) -> 0
A84: Frais financiers
B85: Frais bancaires | C85: =SUM(D85:O85) -> 0 | D85: 0 | E85: 0 | F85: 0 | G85: 0 | H85: 0 | I85: 0 | J85: 0 | K85: 0 | L85: 0 | M85: 0 | N85: 0 | O85: 0
B86: Frais autres | C86: =SUM(D86:O86) -> 0 | D86: 0 | E86: 0 | F86: 0 | G86: 0 | H86: 0 | I86: 0 | J86: 0 | K86: 0 | L86: 0 | M86: 0 | N86: 0 | O86: 0
B87: Remboursement prêt 1 | C87: =SUM(D87:O87) -> 0 | D87: 0 | E87: 0 | F87: 0 | G87: 0 | H87: 0 | I87: 0 | J87: 0 | K87: 0 | L87: 0 | M87: 0 | N87: 0 | O87: 0
B88: Remboursement prêt 2 | C88: =SUM(D88:O88) -> 0 | D88: 0 | E88: 0 | F88: 0 | G88: 0 | H88: 0 | I88: 0 | J88: 0 | K88: 0 | L88: 0 | M88: 0 | N88: 0 | O88: 0
B89: Remboursement prêt 3 | C89: =SUM(D89:O89) -> 0 | D89: 0 | E89: 0 | F89: 0 | G89: 0 | H89: 0 | I89: 0 | J89: 0 | K89: 0 | L89: 0 | M89: 0 | N89: 0 | O89: 0
B90: Autre | C90: =SUM(D90:O90) -> 0 | D90: 0 | E90: 0 | F90: 0 | G90: 0 | H90: 0 | I90: 0 | J90: 0 | K90: 0 | L90: 0 | M90: 0 | N90: 0 | O90: 0
B91: Autre | C91: =SUM(D91:O91) -> 0 | D91: 0 | E91: 0 | F91: 0 | G91: 0 | H91: 0 | I91: 0 | J91: 0 | K91: 0 | L91: 0 | M91: 0 | N91: 0 | O91: 0
A93: Sous-total | C93: =SUM(D93:O93) -> 0 | D93: =SUM(D85:D92) -> 0 | E93: =SUM(E85:E92) -> 0 | F93: =SUM(F85:F92) -> 0 | G93: =SUM(G85:G92) -> 0 | H93: =SUM(H85:H92) -> 0 | I93: =SUM(I85:I92) -> 0 | J93: =SUM(J85:J92) -> 0 | K93: =SUM(K85:K92) -> 0 | ... O93: =SUM(O85:O92) -> 0
A95: TOTAL SORTIES DE FONDS | C95: =C36+C44+C56+C65+C82+C93 -> 0 | D95: =D93+D82+D65+D56+D44+D36 -> 0 | E95: =E93+E82+E65+E56+E44+E36 -> 0 | F95: =F93+F82+F65+F56+F44+F36 -> 0 | G95: =G93+G82+G65+G56+G44+G36 -> 0 | H95: =H93+H82+H65+H56+H44+H36 -> 0 | I95: =I93+I82+I65+I56+I44+I36 -> 0 | J95: =J93+J82+J65+J56+J44+J36 -> 0 | K95: =K93+K82+K65+K56+K44+K36 -> 0 | ... O95: =O93+O82+O65+O56+O44+O36 -> 0
B98: Excédent (déficit) mensuel | D98: =D23-D95 -> 0 | E98: =E23-E95 -> 0 | F98: =F23-F95 -> 0 | G98: =G23-G95 -> 0 | H98: =H23-H95 -> 0 | I98: =I23-I95 -> 0 | J98: =J23-J95 -> 0 | K98: =K23-K95 -> 0 | ... O98: =O23-O95 -> 0
B100: Solde encaisse du mois précédent | D100: 0 | E100: =D102 -> 0 | F100: =E102 -> 0 | G100: =F102 -> 0 | H100: =G102 -> 0 | I100: =H102 -> 0 | J100: =I102 -> 0 | K100: =J102 -> 0 | L100: =K102 -> 0 | ... O100: =N102 -> 0
B102: Solde à la fin du mois | D102: =D98+D100 -> 0 | E102: =E98+E100 -> 0 | F102: =F98+F100 -> 0 | G102: =G98+G100 -> 0 | H102: =H98+H100 -> 0 | I102: =I98+I100 -> 0 | J102: =J98+J100 -> 0 | K102: =K98+K100 -> 0 | ... O102: =O98+O100 -> 0

Sheet Budget de caisse - An 2
C1: BUDGET DE CAISSE - AN 2
C2: Total | D2: JANVIER | E2: FEVRIER | F2: MARS | G2: AVRIL | H2: MAI | I2: JUIN | J2: JUILLET | K2: AOUT | L2: SEPTEMBRE | M2: OCTOBRE | N2: NOVEMBRE | O2: DECEMBRE
A3: ENTRÉES DE FONDS
A5: Revenus d'opération
B6: ='Budget de caisse - An 1'!B6 -> Revenu A | C6: =SUM(D6:O6) -> 0 | D6: 0 | E6: 0 | F6: 0 | G6: 0 | H6: 0 | I6: 0 | J6: 0 | K6: 0 | L6: 0 | M6: 0 | N6: 0 | O6: 0
B7: ='Budget de caisse - An 1'!B7 -> Revenu B | C7: =SUM(D7:O7) -> 0 | D7: 0 | E7: 0 | F7: 0 | G7: 0 | H7: 0 | I7: 0 | J7: 0 | K7: 0 | L7: 0 | M7: 0 | N7: 0 | O7: 0
B8: ='Budget de caisse - An 1'!B8 -> Revenu C | C8: =SUM(D8:O8) -> 0 | D8: 0 | E8: 0 | F8: 0 | G8: 0 | H8: 0 | I8: 0 | J8: 0 | K8: 0 | L8: 0 | M8: 0 | N8: 0 | O8: 0
B9: ='Budget de caisse - An 1'!B9 -> Revenu D | C9: =SUM(D9:O9) -> 0 | D9: 0 | E9: 0 | F9: 0 | G9: 0 | H9: 0 | I9: 0 | J9: 0 | K9: 0 | L9: 0 | M9: 0 | N9: 0 | O9: 0
B10: ='Budget de caisse - An 1'!B10 -> Revenu E | C10: =SUM(D10:O10) -> 0 | D10: 0 | E10: 0 | F10: 0 | G10: 0 | H10: 0 | I10: 0 | J10: 0 | K10: 0 | L10: 0 | M10: 0 | N10: 0 | O10: 0
B11: ='Budget de caisse - An 1'!B11 -> Revenu F | C11: =SUM(D11:O11) -> 0 | D11: 0 | E11: 0 | F11: 0 | G11: 0 | H11: 0 | I11: 0 | J11: 0 | K11: 0 | L11: 0 | M11: 0 | N11: 0 | O11: 0
A13: Sous-total | C13: =SUM(D13:O13) -> 0 | D13: =SUM(D6:D12) -> 0 | E13: =SUM(E6:E12) -> 0 | F13: =SUM(F6:F12) -> 0 | G13: =SUM(G6:G12) -> 0 | H13: =SUM(H6:H12) -> 0 | I13: =SUM(I6:I12) -> 0 | J13: =SUM(J6:J12) -> 0 | K13: =SUM(K6:K12) -> 0 | ... O13: =SUM(O6:O12) -> 0
A15: Autres revenus
B16: ='Budget de caisse - An 1'!B16 -> Autre | C16: =SUM(D16:O16) -> 0 | D16: 0 | E16: 0 | F16: 0 | G16: 0 | H16: 0 | I16: 0 | J16: 0 | K16: 0 | L16: 0 | M16: 0 | N16: 0 | O16: 0
B17: ='Budget de caisse - An 1'!B17 -> Autre | C17: =SUM(D17:O17) -> 0 | D17: 0 | E17: 0 | F17: 0 | G17: 0 | H17: 0 | I17: 0 | J17: 0 | K17: 0 | L17: 0 | M17: 0 | N17: 0 | O17: 0
B18: ='Budget de caisse - An 1'!B18 -> Autre | C18: =SUM(D18:O18) -> 0 | D18: 0 | E18: 0 | F18: 0 | G18: 0 | H18: 0 | I18: 0 | J18: 0 | K18: 0 | L18: 0 | M18: 0 | N18: 0 | O18: 0
B19: ='Budget de caisse - An 1'!B19 -> Autre | C19: =SUM(D19:O19) -> 0 | D19: 0 | E19: 0 | F19: 0 | G19: 0 | H19: 0 | I19: 0 | J19: 0 | K19: 0 | L19: 0 | M19: 0 | N19: 0 | O19: 0
A21: Sous-total | C21: =SUM(D21:O21) -> 0 | D21: =SUM(D16:D20) -> 0 | E21: =SUM(E16:E20) -> 0 | F21: =SUM(F16:F20) -> 0 | G21: =SUM(G16:G20) -> 0 | H21: =SUM(H16:H20) -> 0 | I21: =SUM(I16:I20) -> 0 | J21: =SUM(J16:J20) -> 0 | K21: =SUM(K16:K20) -> 0 | ... O21: =SUM(O16:O20) -> 0
A23: TOTAL ENTRÉES DE FONDS | C23: =C13+C21 -> 0 | D23: =D13+D21 -> 0 | E23: =E13+E21 -> 0 | F23: =F13+F21 -> 0 | G23: =G13+G21 -> 0 | H23: =H13+H21 -> 0 | I23: =I13+I21 -> 0 | J23: =J13+J21 -> 0 | ... O23: =O13+O21 -> 0
A25: SORTIES DE FONDS
A27: Achat
B28: ='Budget de caisse - An 1'!B28 -> Achat matières premières | C28: =SUM(D28:O28) -> 0 | D28: 0 | E28: 0 | F28: 0 | G28: 0 | H28: 0 | I28: 0 | J28: 0 | K28: 0 | L28: 0 | M28: 0 | N28: 0 | O28: 0
B29: ='Budget de caisse - An 1'!B29 -> Achat fournitures | C29: =SUM(D29:O29) -> 0 | D29: 0 | E29: 0 | F29: 0 | G29: 0 | H29: 0 | I29: 0 | J29: 0 | K29: 0 | L29: 0 | M29: 0 | N29: 0 | O29: 0
B30: ='Budget de caisse - An 1'!B30 -> Transport sur achat | C30: =SUM(D30:O30) -> 0 | D30: 0 | E30: 0 | F30: 0 | G30: 0 | H30: 0 | I30: 0 | J30: 0 | K30: 0 | L30: 0 | M30: 0 | N30: 0 | O30: 0
B31: ='Budget de caisse - An 1'!B31 -> Autre | C31: =SUM(D31:O31) -> 0 | D31: 0 | E31: 0 | F31: 0 | G31: 0 | H31: 0 | I31: 0 | J31: 0 | K31: 0 | L31: 0 | M31: 0 | N31: 0 | O31: 0
B32: ='Budget de caisse - An 1'!B32 -> Autre | C32: =SUM(D32:O32) -> 0 | D32: 0 | E32: 0 | F32: 0 | G32: 0 | H32: 0 | I32: 0 | J32: 0 | K32: 0 | L32: 0 | M32: 0 | N32: 0 | O32: 0
B33: ='Budget de caisse - An 1'!B33 -> Autre | C33: =SUM(D33:O33) -> 0 | D33: 0 | E33: 0 | F33: 0 | G33: 0 | H33: 0 | I33: 0 | J33: 0 | K33: 0 | L33: 0 | M33: 0 | N33: 0 | O33: 0
B34: ='Budget de caisse - An 1'!B34 -> Autre | C34: =SUM(D34:O34) -> 0 | D34: 0 | E34: 0 | F34: 0 | G34: 0 | H34: 0 | I34: 0 | J34: 0 | K34: 0 | L34: 0 | M34: 0 | N34: 0 | O34: 0
A36: Sous-total | C36: =SUM(D36:O36) -> 0 | D36: =SUM(D28:D35) -> 0 | E36: =SUM(E28:E35) -> 0 | F36: =SUM(F28:F35) -> 0 | G36: =SUM(G28:G35) -> 0 | H36: =SUM(H28:H35) -> 0 | I36: =SUM(I28:I35) -> 0 | J36: =SUM(J28:J35) -> 0 | K36: =SUM(K28:K35) -> 0 | ... O36: =SUM(O28:O35) -> 0
A38: Salaires
B39: ='Budget de caisse - An 1'!B39 -> Salaires | C39: =SUM(D39:O39) -> 0 | D39: 0 | E39: 0 | F39: 0 | G39: 0 | H39: 0 | I39: 0 | J39: 0 | K39: 0 | L39: 0 | M39: 0 | N39: 0 | O39: 0
B40: ='Budget de caisse - An 1'!B40 -> Avantages sociaux | C40: =SUM(D40:O40) -> 0 | D40: 0 | E40: 0 | F40: 0 | G40: 0 | H40: 0 | I40: 0 | J40: 0 | K40: 0 | L40: 0 | M40: 0 | N40: 0 | O40: 0
B41: ='Budget de caisse - An 1'!B41 -> Sous-traitance | C41: =SUM(D41:O41) -> 0 | D41: 0 | E41: 0 | F41: 0 | G41: 0 | H41: 0 | I41: 0 | J41: 0 | K41: 0 | L41: 0 | M41: 0 | N41: 0 | O41: 0
B42: ='Budget de caisse - An 1'!B42 -> Autre | C42: =SUM(D42:O42) -> 0 | D42: 0 | E42: 0 | F42: 0 | G42: 0 | H42: 0 | I42: 0 | J42: 0 | K42: 0 | L42: 0 | M42: 0 | N42: 0 | O42: 0
A44: Sous-total | C44: =SUM(D44:O44) -> 0 | D44: =SUM(D39:D43) -> 0 | E44: =SUM(E39:E43) -> 0 | F44: =SUM(F39:F43) -> 0 | G44: =SUM(G39:G43) -> 0 | H44: =SUM(H39:H43) -> 0 | I44: =SUM(I39:I43) -> 0 | J44: =SUM(J39:J43) -> 0 | K44: =SUM(K39:K43) -> 0 | ... O44: =SUM(O39:O43) -> 0
A46: Frais généraux
B47: ='Budget de caisse - An 1'!B47 -> Entretien et réparation | C47: =SUM(D47:O47) -> 0 | D47: 0 | E47: 0 | F47: 0 | G47: 0 | H47: 0 | I47: 0 | J47: 0 | K47: 0 | L47: 0 | M47: 0 | N47: 0 | O47: 0
B48: ='Budget de caisse - An 1'!B48 -> Location | C48: =SUM(D48:O48) -> 0 | D48: 0 | E48: 0 | F48: 0 | G48: 0 | H48: 0 | I48: 0 | J48: 0 | K48: 0 | L48: 0 | M48: 0 | N48: 0 | O48: 0
B49: ='Budget de caisse - An 1'!B49 -> Petit outils | C49: =SUM(D49:O49) -> 0 | D49: 0 | E49: 0 | F49: 0 | G49: 0 | H49: 0 | I49: 0 | J49: 0 | K49: 0 | L49: 0 | M49: 0 | N49: 0 | O49: 0
B50: ='Budget de caisse - An 1'!B50 -> Permis | C50: =SUM(D50:O50) -> 0 | D50: 0 | E50: 0 | F50: 0 | G50: 0 | H50: 0 | I50: 0 | J50: 0 | K50: 0 | L50: 0 | M50: 0 | N50: 0 | O50: 0
B51: ='Budget de caisse - An 1'!B51 -> Essence | C51: =SUM(D51:O51) -> 0 | D51: 0 | E51: 0 | F51: 0 | G51: 0 | H51: 0 | I51: 0 | J51: 0 | K51: 0 | L51: 0 | M51: 0 | N51: 0 | O51: 0
B52: ='Budget de caisse - An 1'!B52 -> Électricité et chauffage | C52: =SUM(D52:O52) -> 0 | D52: 0 | E52: 0 | F52: 0 | G52: 0 | H52: 0 | I52: 0 | J52: 0 | K52: 0 | L52: 0 | M52: 0 | N52: 0 | O52: 0
B53: ='Budget de caisse - An 1'!B53 -> Autre | C53: =SUM(D53:O53) -> 0 | D53: 0 | E53: 0 | F53: 0 | G53: 0 | H53: 0 | I53: 0 | J53: 0 | K53: 0 | L53: 0 | M53: 0 | N53: 0 | O53: 0
B54: ='Budget de caisse - An 1'!B54 -> Autre | C54: =SUM(D54:O54) -> 0 | D54: 0 | E54: 0 | F54: 0 | G54: 0 | H54: 0 | I54: 0 | J54: 0 | K54: 0 | L54: 0 | M54: 0 | N54: 0 | O54: 0
A56: Sous-total | C56: =SUM(D56:O56) -> 0 | D56: =SUM(D47:D55) -> 0 | E56: =SUM(E47:E55) -> 0 | F56: =SUM(F47:F55) -> 0 | G56: =SUM(G47:G55) -> 0 | H56: =SUM(H47:H55) -> 0 | I56: =SUM(I47:I55) -> 0 | J56: =SUM(J47:J55) -> 0 | K56: =SUM(K47:K55) -> 0 | ... O56: =SUM(O47:O55) -> 0
A58: Frais de vente
B59: ='Budget de caisse - An 1'!B59 -> Publicité | C59: =SUM(D59:O59) -> 0 | D59: 0 | E59: 0 | F59: 0 | G59: 0 | H59: 0 | I59: 0 | J59: 0 | K59: 0 | L59: 0 | M59: 0 | N59: 0 | O59: 0
B60: ='Budget de caisse - An 1'!B60 -> Site web | C60: =SUM(D60:O60) -> 0 | D60: 0 | E60: 0 | F60: 0 | G60: 0 | H60: 0 | I60: 0 | J60: 0 | K60: 0 | L60: 0 | M60: 0 | N60: 0 | O60: 0
B61: ='Budget de caisse - An 1'!B61 -> Frais de représentation | C61: =SUM(D61:O61) -> 0 | D61: 0 | E61: 0 | F61: 0 | G61: 0 | H61: 0 | I61: 0 | J61: 0 | K61: 0 | L61: 0 | M61: 0 | N61: 0 | O61: 0
B62: ='Budget de caisse - An 1'!B62 -> Autre | C62: =SUM(D62:O62) -> 0 | D62: 0 | E62: 0 | F62: 0 | G62: 0 | H62: 0 | I62: 0 | J62: 0 | K62: 0 | L62: 0 | M62: 0 | N62: 0 | O62: 0
B63: ='Budget de caisse - An 1'!B63 -> Autre | C63: =SUM(D63:O63) -> 0 | D63: 0 | E63: 0 | F63: 0 | G63: 0 | H63: 0 | I63: 0 | J63: 0 | K63: 0 | L63: 0 | M63: 0 | N63: 0 | O63: 0
A65: Sous-total | C65: =SUM(D65:O65) -> 0 | D65: =SUM(D59:D64) -> 0 | E65: =SUM(E59:E64) -> 0 | F65: =SUM(F59:F64) -> 0 | G65: =SUM(G59:G64) -> 0 | H65: =SUM(H59:H64) -> 0 | I65: =SUM(I59:I64) -> 0 | J65: =SUM(J59:J64) -> 0 | K65: =SUM(K59:K64) -> 0 | ... O65: =SUM(O59:O64) -> 0
A67: Frais d'administration
B68: ='Budget de caisse - An 1'!B68 -> Honoraires professionnels | C68: =SUM(D68:O68) -> 0 | D68: 0 | E68: 0 | F68: 0 | G68: 0 | H68: 0 | I68: 0 | J68: 0 | K68: 0 | L68: 0 | M68: 0 | N68: 0 | O68: 0
B69: ='Budget de caisse - An 1'!B69 -> Taxes foncières | C69: =SUM(D69:O69) -> 0 | D69: 0 | E69: 0 | F69: 0 | G69: 0 | H69: 0 | I69: 0 | J69: 0 | K69: 0 | L69: 0 | M69: 0 | N69: 0 | O69: 0
B70: ='Budget de caisse - An 1'!B70 -> Fournitures bureau | C70: =SUM(D70:O70) -> 0 | D70: 0 | E70: 0 | F70: 0 | G70: 0 | H70: 0 | I70: 0 | J70: 0 | K70: 0 | L70: 0 | M70: 0 | N70: 0 | O70: 0
B71: ='Budget de caisse - An 1'!B71 -> Assurance | C71: =SUM(D71:O71) -> 0 | D71: 0 | E71: 0 | F71: 0 | G71: 0 | H71: 0 | I71: 0 | J71: 0 | K71: 0 | L71: 0 | M71: 0 | N71: 0 | O71: 0
B72: ='Budget de caisse - An 1'!B72 -> Téléphone | C72: =SUM(D72:O72) -> 0 | D72: 0 | E72: 0 | F72: 0 | G72: 0 | H72: 0 | I72: 0 | J72: 0 | K72: 0 | L72: 0 | M72: 0 | N72: 0 | O72: 0
B73: ='Budget de caisse - An 1'!B73 -> Cellulaire | C73: =SUM(D73:O73) -> 0 | D73: 0 | E73: 0 | F73: 0 | G73: 0 | H73: 0 | I73: 0 | J73: 0 | K73: 0 | L73: 0 | M73: 0 | N73: 0 | O73: 0
B74: ='Budget de caisse - An 1'!B74 -> Internet | C74: =SUM(D74:O74) -> 0 | D74: 0 | E74: 0 | F74: 0 | G74: 0 | H74: 0 | I74: 0 | J74: 0 | K74: 0 | L74: 0 | M74: 0 | N74: 0 | O74: 0
B75: ='Budget de caisse - An 1'!B75 -> Entretien bâtiment et terrain | C75: =SUM(D75:O75) -> 0 | D75: 0 | E75: 0 | F75: 0 | G75: 0 | H75: 0 | I75: 0 | J75: 0 | K75: 0 | L75: 0 | M75: 0 | N75: 0 | O75: 0
B76: ='Budget de caisse - An 1'!B76 -> Taxes foncières | C76: =SUM(D76:O76) -> 0 | D76: 0 | E76: 0 | F76: 0 | G76: 0 | H76: 0 | I76: 0 | J76: 0 | K76: 0 | L76: 0 | M76: 0 | N76: 0 | O76: 0
B77: ='Budget de caisse - An 1'!B77 -> Frais déplacement | C77: =SUM(D77:O77) -> 0 | D77: 0 | E77: 0 | F77: 0 | G77: 0 | H77: 0 | I77: 0 | J77: 0 | K77: 0 | L77: 0 | M77: 0 | N77: 0 | O77: 0
B78: ='Budget de caisse - An 1'!B78 -> Abonnements | C78: =SUM(D78:O78) -> 0 | D78: 0 | E78: 0 | F78: 0 | G78: 0 | H78: 0 | I78: 0 | J78: 0 | K78: 0 | L78: 0 | M78: 0 | N78: 0 | O78: 0
B79: ='Budget de caisse - An 1'!B79 -> Autre | C79: =SUM(D79:O79) -> 0 | D79: 0 | E79: 0 | F79: 0 | G79: 0 | H79: 0 | I79: 0 | J79: 0 | K79: 0 | L79: 0 | M79: 0 | N79: 0 | O79: 0
B80: ='Budget de caisse - An 1'!B80 -> Autre | C80: =SUM(D80:O80) -> 0 | D80: 0 | E80: 0 | F80: 0 | G80: 0 | H80: 0 | I80: 0 | J80: 0 | K80: 0 | L80: 0 | M80: 0 | N80: 0 | O80: 0
A82: Sous-total | C82: =SUM(D82:O82) -> 0 | D82: =SUM(D68:D81) -> 0 | E82: =SUM(E68:E80) -> 0 | F82: =SUM(F68:F80) -> 0 | G82: =SUM(G68:G80) -> 0 | H82: =SUM(H68:H80) -> 0 | I82: =SUM(I68:I80) -> 0 | J82: =SUM(J68:J80) -> 0 | K82: =SUM(K68:K80) -> 0 | L82: =SUM(L68:L80) -> 0 | ... O82: =SUM(O68:O80) -> 0
A84: Frais financiers
B85: ='Budget de caisse - An 1'!B85 -> Frais bancaires | C85: =SUM(D85:O85) -> 0 | D85: 0 | E85: 0 | F85: 0 | G85: 0 | H85: 0 | I85: 0 | J85: 0 | K85: 0 | L85: 0 | M85: 0 | N85: 0 | O85: 0
B86: ='Budget de caisse - An 1'!B86 -> Frais autres | C86: =SUM(D86:O86) -> 0 | D86: 0 | E86: 0 | F86: 0 | G86: 0 | H86: 0 | I86: 0 | J86: 0 | K86: 0 | L86: 0 | M86: 0 | N86: 0 | O86: 0
B87: ='Budget de caisse - An 1'!B87 -> Remboursement prêt 1 | C87: =SUM(D87:O87) -> 0 | D87: 0 | E87: 0 | F87: 0 | G87: 0 | H87: 0 | I87: 0 | J87: 0 | K87: 0 | L87: 0 | M87: 0 | N87: 0 | O87: 0
B88: ='Budget de caisse - An 1'!B88 -> Remboursement prêt 2 | C88: =SUM(D88:O88) -> 0 | D88: 0 | E88: 0 | F88: 0 | G88: 0 | H88: 0 | I88: 0 | J88: 0 | K88: 0 | L88: 0 | M88: 0 | N88: 0 | O88: 0
B89: ='Budget de caisse - An 1'!B89 -> Remboursement prêt 3 | C89: =SUM(D89:O89) -> 0 | D89: 0 | E89: 0 | F89: 0 | G89: 0 | H89: 0 | I89: 0 | J89: 0 | K89: 0 | L89: 0 | M89: 0 | N89: 0 | O89: 0
B90: ='Budget de caisse - An 1'!B90 -> Autre | C90: =SUM(D90:O90) -> 0 | D90: 0 | E90: 0 | F90: 0 | G90: 0 | H90: 0 | I90: 0 | J90: 0 | K90: 0 | L90: 0 | M90: 0 | N90: 0 | O90: 0
B91: ='Budget de caisse - An 1'!B91 -> Autre | C91: =SUM(D91:O91) -> 0 | D91: 0 | E91: 0 | F91: 0 | G91: 0 | H91: 0 | I91: 0 | J91: 0 | K91: 0 | L91: 0 | M91: 0 | N91: 0 | O91: 0
A93: Sous-total | C93: =SUM(D93:O93) -> 0 | D93: =SUM(D85:D92) -> 0 | E93: =SUM(E85:E92) -> 0 | F93: =SUM(F85:F92) -> 0 | G93: =SUM(G85:G92) -> 0 | H93: =SUM(H85:H92) -> 0 | I93: =SUM(I85:I92) -> 0 | J93: =SUM(J85:J92) -> 0 | K93: =SUM(K85:K92) -> 0 | ... O93: =SUM(O85:O92) -> 0
A95: TOTAL SORTIES DE FONDS | C95: =C36+C44+C56+C65+C82+C93 -> 0 | D95: =D93+D82+D65+D56+D44+D36 -> 0 | E95: =E93+E82+E65+E56+E44+E36 -> 0 | F95: =F93+F82+F65+F56+F44+F36 -> 0 | G95: =G93+G82+G65+G56+G44+G36 -> 0 | H95: =H93+H82+H65+H56+H44+H36 -> 0 | I95: =I93+I82+I65+I56+I44+I36 -> 0 | J95: =J93+J82+J65+J56+J44+J36 -> 0 | K95: =K93+K82+K65+K56+K44+K36 -> 0 | ... O95: =O93+O82+O65+O56+O44+O36 -> 0
B98: Excédent (déficit) mensuel | D98: =D23-D95 -> 0 | E98: =E23-E95 -> 0 | F98: =F23-F95 -> 0 | G98: =G23-G95 -> 0 | H98: =H23-H95 -> 0 | I98: =I23-I95 -> 0 | J98: =J23-J95 -> 0 | K98: =K23-K95 -> 0 | ... O98: =O23-O95 -> 0
B100: Solde encaisse du mois précédent | D100: ='Budget de caisse - An 1'!O102 -> 0 | E100: =D102 -> 0 | F100: =E102 -> 0 | G100: =F102 -> 0 | H100: =G102 -> 0 | I100: =H102 -> 0 | J100: =I102 -> 0 | K100: =J102 -> 0 | L100: =K102 -> 0 | ... O100: =N102 -> 0
B102: Solde à la fin du mois | D102: =D98+D100 -> 0 | E102: =E98+E100 -> 0 | F102: =F98+F100 -> 0 | G102: =G98+G100 -> 0 | H102: =H98+H100 -> 0 | I102: =I98+I100 -> 0 | J102: =J98+J100 -> 0 | K102: =K98+K100 -> 0 | ... O102: =O98+O100 -> 0

Sheet Budget de caisse - An 3
C1: BUDGET DE CAISSE - AN 3
C2: Total | D2: JANVIER | E2: FEVRIER | F2: MARS | G2: AVRIL | H2: MAI | I2: JUIN | J2: JUILLET | K2: AOUT | L2: SEPTEMBRE | M2: OCTOBRE | N2: NOVEMBRE | O2: DECEMBRE
A3: ENTRÉES DE FONDS
A5: Revenus d'opération
B6: ='Budget de caisse - An 1'!B6 -> Revenu A | C6: =SUM(D6:O6) -> 0 | D6: 0 | E6: 0 | F6: 0 | G6: 0 | H6: 0 | I6: 0 | J6: 0 | K6: 0 | L6: 0 | M6: 0 | N6: 0 | O6: 0
B7: ='Budget de caisse - An 1'!B7 -> Revenu B | C7: =SUM(D7:O7) -> 0 | D7: 0 | E7: 0 | F7: 0 | G7: 0 | H7: 0 | I7: 0 | J7: 0 | K7: 0 | L7: 0 | M7: 0 | N7: 0 | O7: 0
B8: ='Budget de caisse - An 1'!B8 -> Revenu C | C8: =SUM(D8:O8) -> 0 | D8: 0 | E8: 0 | F8: 0 | G8: 0 | H8: 0 | I8: 0 | J8: 0 | K8: 0 | L8: 0 | M8: 0 | N8: 0 | O8: 0
B9: ='Budget de caisse - An 1'!B9 -> Revenu D | C9: =SUM(D9:O9) -> 0 | D9: 0 | E9: 0 | F9: 0 | G9: 0 | H9: 0 | I9: 0 | J9: 0 | K9: 0 | L9: 0 | M9: 0 | N9: 0 | O9: 0
B10: ='Budget de caisse - An 1'!B10 -> Revenu E | C10: =SUM(D10:O10) -> 0 | D10: 0 | E10: 0 | F10: 0 | G10: 0 | H10: 0 | I10: 0 | J10: 0 | K10: 0 | L10: 0 | M10: 0 | N10: 0 | O10: 0
B11: ='Budget de caisse - An 1'!B11 -> Revenu F | C11: =SUM(D11:O11) -> 0 | D11: 0 | E11: 0 | F11: 0 | G11: 0 | H11: 0 | I11: 0 | J11: 0 | K11: 0 | L11: 0 | M11: 0 | N11: 0 | O11: 0
A13: Sous-total | C13: =SUM(D13:O13) -> 0 | D13: =SUM(D6:D12) -> 0 | E13: =SUM(E6:E12) -> 0 | F13: =SUM(F6:F12) -> 0 | G13: =SUM(G6:G12) -> 0 | H13: =SUM(H6:H12) -> 0 | I13: =SUM(I6:I12) -> 0 | J13: =SUM(J6:J12) -> 0 | K13: =SUM(K6:K12) -> 0 | ... O13: =SUM(O6:O12) -> 0
A15: Autres revenus
B16: ='Budget de caisse - An 1'!B16 -> Autre | C16: =SUM(D16:O16) -> 0 | D16: 0 | E16: 0 | F16: 0 | G16: 0 | H16: 0 | I16: 0 | J16: 0 | K16: 0 | L16: 0 | M16: 0 | N16: 0 | O16: 0
B17: ='Budget de caisse - An 1'!B17 -> Autre | C17: =SUM(D17:O17) -> 0 | D17: 0 | E17: 0 | F17: 0 | G17: 0 | H17: 0 | I17: 0 | J17: 0 | K17: 0 | L17: 0 | M17: 0 | N17: 0 | O17: 0
B18: ='Budget de caisse - An 1'!B18 -> Autre | C18: =SUM(D18:O18) -> 0 | D18: 0 | E18: 0 | F18: 0 | G18: 0 | H18: 0 | I18: 0 | J18: 0 | K18: 0 | L18: 0 | M18: 0 | N18: 0 | O18: 0
B19: ='Budget de caisse - An 1'!B19 -> Autre | C19: =SUM(D19:O19) -> 0 | D19: 0 | E19: 0 | F19: 0 | G19: 0 | H19: 0 | I19: 0 | J19: 0 | K19: 0 | L19: 0 | M19: 0 | N19: 0 | O19: 0
A21: Sous-total | C21: =SUM(D21:O21) -> 0 | D21: =SUM(D16:D20) -> 0 | E21: =SUM(E16:E20) -> 0 | F21: =SUM(F16:F20) -> 0 | G21: =SUM(G16:G20) -> 0 | H21: =SUM(H16:H20) -> 0 | I21: =SUM(I16:I20) -> 0 | J21: =SUM(J16:J20) -> 0 | K21: =SUM(K16:K20) -> 0 | ... O21: =SUM(O16:O20) -> 0
A23: TOTAL ENTRÉES DE FONDS | C23: =C13+C21 -> 0 | D23: =D13+D21 -> 0 | E23: =E13+E21 -> 0 | F23: =F13+F21 -> 0 | G23: =G13+G21 -> 0 | H23: =H13+H21 -> 0 | I23: =I13+I21 -> 0 | J23: =J13+J21 -> 0 | ... O23: =O13+O21 -> 0
A25: SORTIES DE FONDS
A27: Achat
B28: ='Budget de caisse - An 1'!B28 -> Achat matières premières | C28: =SUM(D28:O28) -> 0 | D28: 0 | E28: 0 | F28: 0 | G28: 0 | H28: 0 | I28: 0 | J28: 0 | K28: 0 | L28: 0 | M28: 0 | N28: 0 | O28: 0
B29: ='Budget de caisse - An 1'!B29 -> Achat fournitures | C29: =SUM(D29:O29) -> 0 | D29: 0 | E29: 0 | F29: 0 | G29: 0 | H29: 0 | I29: 0 | J29: 0 | K29: 0 | L29: 0 | M29: 0 | N29: 0 | O29: 0
B30: ='Budget de caisse - An 1'!B30 -> Transport sur achat | C30: =SUM(D30:O30) -> 0 | D30: 0 | E30: 0 | F30: 0 | G30: 0 | H30: 0 | I30: 0 | J30: 0 | K30: 0 | L30: 0 | M30: 0 | N30: 0 | O30: 0
B31: ='Budget de caisse - An 1'!B31 -> Autre | C31: =SUM(D31:O31) -> 0 | D31: 0 | E31: 0 | F31: 0 | G31: 0 | H31: 0 | I31: 0 | J31: 0 | K31: 0 | L31: 0 | M31: 0 | N31: 0 | O31: 0
B32: ='Budget de caisse - An 1'!B32 -> Autre | C32: =SUM(D32:O32) -> 0 | D32: 0 | E32: 0 | F32: 0 | G32: 0 | H32: 0 | I32: 0 | J32: 0 | K32: 0 | L32: 0 | M32: 0 | N32: 0 | O32: 0
B33: ='Budget de caisse - An 1'!B33 -> Autre | C33: =SUM(D33:O33) -> 0 | D33: 0 | E33: 0 | F33: 0 | G33: 0 | H33: 0 | I33: 0 | J33: 0 | K33: 0 | L33: 0 | M33: 0 | N33: 0 | O33: 0
B34: ='Budget de caisse - An 1'!B34 -> Autre | C34: =SUM(D34:O34) -> 0 | D34: 0 | E34: 0 | F34: 0 | G34: 0 | H34: 0 | I34: 0 | J34: 0 | K34: 0 | L34: 0 | M34: 0 | N34: 0 | O34: 0
A36: Sous-total | C36: =SUM(D36:O36) -> 0 | D36: =SUM(D28:D35) -> 0 | E36: =SUM(E28:E35) -> 0 | F36: =SUM(F28:F35) -> 0 | G36: =SUM(G28:G35) -> 0 | H36: =SUM(H28:H35) -> 0 | I36: =SUM(I28:I35) -> 0 | J36: =SUM(J28:J35) -> 0 | K36: =SUM(K28:K35) -> 0 | ... O36: =SUM(O28:O35) -> 0
A38: Salaires
B39: ='Budget de caisse - An 1'!B39 -> Salaires | C39: =SUM(D39:O39) -> 0 | D39: 0 | E39: 0 | F39: 0 | G39: 0 | H39: 0 | I39: 0 | J39: 0 | K39: 0 | L39: 0 | M39: 0 | N39: 0 | O39: 0
B40: ='Budget de caisse - An 1'!B40 -> Avantages sociaux | C40: =SUM(D40:O40) -> 0 | D40: 0 | E40: 0 | F40: 0 | G40: 0 | H40: 0 | I40: 0 | J40: 0 | K40: 0 | L40: 0 | M40: 0 | N40: 0 | O40: 0
B41: ='Budget de caisse - An 1'!B41 -> Sous-traitance | C41: =SUM(D41:O41) -> 0 | D41: 0 | E41: 0 | F41: 0 | G41: 0 | H41: 0 | I41: 0 | J41: 0 | K41: 0 | L41: 0 | M41: 0 | N41: 0 | O41: 0
B42: ='Budget de caisse - An 1'!B42 -> Autre | C42: =SUM(D42:O42) -> 0 | D42: 0 | E42: 0 | F42: 0 | G42: 0 | H42: 0 | I42: 0 | J42: 0 | K42: 0 | L42: 0 | M42: 0 | N42: 0 | O42: 0
A44: Sous-total | C44: =SUM(D44:O44) -> 0 | D44: =SUM(D39:D43) -> 0 | E44: =SUM(E39:E43) -> 0 | F44: =SUM(F39:F43) -> 0 | G44: =SUM(G39:G43) -> 0 | H44: =SUM(H39:H43) -> 0 | I44: =SUM(I39:I43) -> 0 | J44: =SUM(J39:J43) -> 0 | K44: =SUM(K39:K43) -> 0 | ... O44: =SUM(O39:O43) -> 0
A46: Frais généraux
B47: ='Budget de caisse - An 1'!B47 -> Entretien et réparation | C47: =SUM(D47:O47) -> 0 | D47: 0 | E47: 0 | F47: 0 | G47: 0 | H47: 0 | I47: 0 | J47: 0 | K47: 0 | L47: 0 | M47: 0 | N47: 0 | O47: 0
B48: ='Budget de caisse - An 1'!B48 -> Location | C48: =SUM(D48:O48) -> 0 | D48: 0 | E48: 0 | F48: 0 | G48: 0 | H48: 0 | I48: 0 | J48: 0 | K48: 0 | L48: 0 | M48: 0 | N48: 0 | O48: 0
B49: ='Budget de caisse - An 1'!B49 -> Petit outils | C49: =SUM(D49:O49) -> 0 | D49: 0 | E49: 0 | F49: 0 | G49: 0 | H49: 0 | I49: 0 | J49: 0 | K49: 0 | L49: 0 | M49: 0 | N49: 0 | O49: 0
B50: ='Budget de caisse - An 1'!B50 -> Permis | C50: =SUM(D50:O50) -> 0 | D50: 0 | E50: 0 | F50: 0 | G50: 0 | H50: 0 | I50: 0 | J50: 0 | K50: 0 | L50: 0 | M50: 0 | N50: 0 | O50: 0
B51: ='Budget de caisse - An 1'!B51 -> Essence | C51: =SUM(D51:O51) -> 0 | D51: 0 | E51: 0 | F51: 0 | G51: 0 | H51: 0 | I51: 0 | J51: 0 | K51: 0 | L51: 0 | M51: 0 | N51: 0 | O51: 0
B52: ='Budget de caisse - An 1'!B52 -> Électricité et chauffage | C52: =SUM(D52:O52) -> 0 | D52: 0 | E52: 0 | F52: 0 | G52: 0 | H52: 0 | I52: 0 | J52: 0 | K52: 0 | L52: 0 | M52: 0 | N52: 0 | O52: 0
B53: ='Budget de caisse - An 1'!B53 -> Autre | C53: =SUM(D53:O53) -> 0 | D53: 0 | E53: 0 | F53: 0 | G53: 0 | H53: 0 | I53: 0 | J53: 0 | K53: 0 | L53: 0 | M53: 0 | N53: 0 | O53: 0
B54: ='Budget de caisse - An 1'!B54 -> Autre | C54: =SUM(D54:O54) -> 0 | D54: 0 | E54: 0 | F54: 0 | G54: 0 | H54: 0 | I54: 0 | J54: 0 | K54: 0 | L54: 0 | M54: 0 | N54: 0 | O54: 0
A56: Sous-total | C56: =SUM(D56:O56) -> 0 | D56: =SUM(D47:D55) -> 0 | E56: =SUM(E47:E55) -> 0 | F56: =SUM(F47:F55) -> 0 | G56: =SUM(G47:G55) -> 0 | H56: =SUM(H47:H55) -> 0 | I56: =SUM(I47:I55) -> 0 | J56: =SUM(J47:J55) -> 0 | K56: =SUM(K47:K55) -> 0 | ... O56: =SUM(O47:O55) -> 0
A58: Frais de vente
B59: ='Budget de caisse - An 1'!B59 -> Publicité | C59: =SUM(D59:O59) -> 0 | D59: 0 | E59: 0 | F59: 0 | G59: 0 | H59: 0 | I59: 0 | J59: 0 | K59: 0 | L59: 0 | M59: 0 | N59: 0 | O59: 0
B60: ='Budget de caisse - An 1'!B60 -> Site web | C60: =SUM(D60:O60) -> 0 | D60: 0 | E60: 0 | F60: 0 | G60: 0 | H60: 0 | I60: 0 | J60: 0 | K60: 0 | L60: 0 | M60: 0 | N60: 0 | O60: 0
B61: ='Budget de caisse - An 1'!B61 -> Frais de représentation | C61: =SUM(D61:O61) -> 0 | D61: 0 | E61: 0 | F61: 0 | G61: 0 | H61: 0 | I61: 0 | J61: 0 | K61: 0 | L61: 0 | M61: 0 | N61: 0 | O61: 0
B62: ='Budget de caisse - An 1'!B62 -> Autre | C62: =SUM(D62:O62) -> 0 | D62: 0 | E62: 0 | F62: 0 | G62: 0 | H62: 0 | I62: 0 | J62: 0 | K62: 0 | L62: 0 | M62: 0 | N62: 0 | O62: 0
B63: ='Budget de caisse - An 1'!B63 -> Autre | C63: =SUM(D63:O63) -> 0 | D63: 0 | E63: 0 | F63: 0 | G63: 0 | H63: 0 | I63: 0 | J63: 0 | K63: 0 | L63: 0 | M63: 0 | N63: 0 | O63: 0
A65: Sous-total | C65: =SUM(D65:O65) -> 0 | D65: =SUM(D59:D64) -> 0 | E65: =SUM(E59:E64) -> 0 | F65: =SUM(F59:F64) -> 0 | G65: =SUM(G59:G64) -> 0 | H65: =SUM(H59:H64) -> 0 | I65: =SUM(I59:I64) -> 0 | J65: =SUM(J59:J64) -> 0 | K65: =SUM(K59:K64) -> 0 | ... O65: =SUM(O59:O64) -> 0
A67: Frais d'administration
B68: ='Budget de caisse - An 1'!B68 -> Honoraires professionnels | C68: =SUM(D68:O68) -> 0 | D68: 0 | E68: 0 | F68: 0 | G68: 0 | H68: 0 | I68: 0 | J68: 0 | K68: 0 | L68: 0 | M68: 0 | N68: 0 | O68: 0
B69: ='Budget de caisse - An 1'!B69 -> Taxes foncières | C69: =SUM(D69:O69) -> 0 | D69: 0 | E69: 0 | F69: 0 | G69: 0 | H69: 0 | I69: 0 | J69: 0 | K69: 0 | L69: 0 | M69: 0 | N69: 0 | O69: 0
B70: ='Budget de caisse - An 1'!B70 -> Fournitures bureau | C70: =SUM(D70:O70) -> 0 | D70: 0 | E70: 0 | F70: 0 | G70: 0 | H70: 0 | I70: 0 | J70: 0 | K70: 0 | L70: 0 | M70: 0 | N70: 0 | O70: 0
B71: ='Budget de caisse - An 1'!B71 -> Assurance | C71: =SUM(D71:O71) -> 0 | D71: 0 | E71: 0 | F71: 0 | G71: 0 | H71: 0 | I71: 0 | J71: 0 | K71: 0 | L71: 0 | M71: 0 | N71: 0 | O71: 0
B72: ='Budget de caisse - An 1'!B72 -> Téléphone | C72: =SUM(D72:O72) -> 0 | D72: 0 | E72: 0 | F72: 0 | G72: 0 | H72: 0 | I72: 0 | J72: 0 | K72: 0 | L72: 0 | M72: 0 | N72: 0 | O72: 0
B73: ='Budget de caisse - An 1'!B73 -> Cellulaire | C73: =SUM(D73:O73) -> 0 | D73: 0 | E73: 0 | F73: 0 | G73: 0 | H73: 0 | I73: 0 | J73: 0 | K73: 0 | L73: 0 | M73: 0 | N73: 0 | O73: 0
B74: ='Budget de caisse - An 1'!B74 -> Internet | C74: =SUM(D74:O74) -> 0 | D74: 0 | E74: 0 | F74: 0 | G74: 0 | H74: 0 | I74: 0 | J74: 0 | K74: 0 | L74: 0 | M74: 0 | N74: 0 | O74: 0
B75: ='Budget de caisse - An 1'!B75 -> Entretien bâtiment et terrain | C75: =SUM(D75:O75) -> 0 | D75: 0 | E75: 0 | F75: 0 | G75: 0 | H75: 0 | I75: 0 | J75: 0 | K75: 0 | L75: 0 | M75: 0 | N75: 0 | O75: 0
B76: ='Budget de caisse - An 1'!B76 -> Taxes foncières | C76: =SUM(D76:O76) -> 0 | D76: 0 | E76: 0 | F76: 0 | G76: 0 | H76: 0 | I76: 0 | J76: 0 | K76: 0 | L76: 0 | M76: 0 | N76: 0 | O76: 0
B77: ='Budget de caisse - An 1'!B77 -> Frais déplacement | C77: =SUM(D77:O77) -> 0 | D77: 0 | E77: 0 | F77: 0 | G77: 0 | H77: 0 | I77: 0 | J77: 0 | K77: 0 | L77: 0 | M77: 0 | N77: 0 | O77: 0
B78: ='Budget de caisse - An 1'!B78 -> Abonnements | C78: =SUM(D78:O78) -> 0 | D78: 0 | E78: 0 | F78: 0 | G78: 0 | H78: 0 | I78: 0 | J78: 0 | K78: 0 | L78: 0 | M78: 0 | N78: 0 | O78: 0
B79: ='Budget de caisse - An 1'!B79 -> Autre | C79: =SUM(D79:O79) -> 0 | D79: 0 | E79: 0 | F79: 0 | G79: 0 | H79: 0 | I79: 0 | J79: 0 | K79: 0 | L79: 0 | M79: 0 | N79: 0 | O79: 0
B80: ='Budget de caisse - An 1'!B80 -> Autre | C80: =SUM(D80:O80) -> 0 | D80: 0 | E80: 0 | F80: 0 | G80: 0 | H80: 0 | I80: 0 | J80: 0 | K80: 0 | L80: 0 | M80: 0 | N80: 0 | O80: 0
A82: Sous-total | C82: =SUM(D82:O82) -> 0 | D82: =SUM(D68:D81) -> 0 | E82: =SUM(E68:E80) -> 0 | F82: =SUM(F68:F80) -> 0 | G82: =SUM(G68:G80) -> 0 | H82: =SUM(H68:H80) -> 0 | I82: =SUM(I68:I80) -> 0 | J82: =SUM(J68:J80) -> 0 | K82: =SUM(K68:K80) -> 0 | L82: =SUM(L68:L80) -> 0 | ... O82: =SUM(O68:O80) -> 0
A84: Frais financiers
B85: ='Budget de caisse - An 1'!B85 -> Frais bancaires | C85: =SUM(D85:O85) -> 0 | D85: 0 | E85: 0 | F85: 0 | G85: 0 | H85: 0 | I85: 0 | J85: 0 | K85: 0 | L85: 0 | M85: 0 | N85: 0 | O85: 0
B86: ='Budget de caisse - An 1'!B86 -> Frais autres | C86: =SUM(D86:O86) -> 0 | D86: 0 | E86: 0 | F86: 0 | G86: 0 | H86: 0 | I86: 0 | J86: 0 | K86: 0 | L86: 0 | M86: 0 | N86: 0 | O86: 0
B87: ='Budget de caisse - An 1'!B87 -> Remboursement prêt 1 | C87: =SUM(D87:O87) -> 0 | D87: 0 | E87: 0 | F87: 0 | G87: 0 | H87: 0 | I87: 0 | J87: 0 | K87: 0 | L87: 0 | M87: 0 | N87: 0 | O87: 0
B88: ='Budget de caisse - An 1'!B88 -> Remboursement prêt 2 | C88: =SUM(D88:O88) -> 0 | D88: 0 | E88: 0 | F88: 0 | G88: 0 | H88: 0 | I88: 0 | J88: 0 | K88: 0 | L88: 0 | M88: 0 | N88: 0 | O88: 0
B89: ='Budget de caisse - An 1'!B89 -> Remboursement prêt 3 | C89: =SUM(D89:O89) -> 0 | D89: 0 | E89: 0 | F89: 0 | G89: 0 | H89: 0 | I89: 0 | J89: 0 | K89: 0 | L89: 0 | M89: 0 | N89: 0 | O89: 0
B90: ='Budget de caisse - An 1'!B90 -> Autre | C90: =SUM(D90:O90) -> 0 | D90: 0 | E90: 0 | F90: 0 | G90: 0 | H90: 0 | I90: 0 | J90: 0 | K90: 0 | L90: 0 | M90: 0 | N90: 0 | O90: 0
B91: ='Budget de caisse - An 1'!B91 -> Autre | C91: =SUM(D91:O91) -> 0 | D91: 0 | E91: 0 | F91: 0 | G91: 0 | H91: 0 | I91: 0 | J91: 0 | K91: 0 | L91: 0 | M91: 0 | N91: 0 | O91: 0
A93: Sous-total | C93: =SUM(D93:O93) -> 0 | D93: =SUM(D85:D92) -> 0 | E93: =SUM(E85:E92) -> 0 | F93: =SUM(F85:F92) -> 0 | G93: =SUM(G85:G92) -> 0 | H93: =SUM(H85:H92) -> 0 | I93: =SUM(I85:I92) -> 0 | J93: =SUM(J85:J92) -> 0 | K93: =SUM(K85:K92) -> 0 | ... O93: =SUM(O85:O92) -> 0
A95: TOTAL SORTIES DE FONDS | C95: =C36+C44+C56+C65+C82+C93 -> 0 | D95: =D93+D82+D65+D56+D44+D36 -> 0 | E95: =E93+E82+E65+E56+E44+E36 -> 0 | F95: =F93+F82+F65+F56+F44+F36 -> 0 | G95: =G93+G82+G65+G56+G44+G36 -> 0 | H95: =H93+H82+H65+H56+H44+H36 -> 0 | I95: =I93+I82+I65+I56+I44+I36 -> 0 | J95: =J93+J82+J65+J56+J44+J36 -> 0 | K95: =K93+K82+K65+K56+K44+K36 -> 0 | ... O95: =O93+O82+O65+O56+O44+O36 -> 0
B98: Excédent (déficit) mensuel | D98: =D23-D95 -> 0 | E98: =E23-E95 -> 0 | F98: =F23-F95 -> 0 | G98: =G23-G95 -> 0 | H98: =H23-H95 -> 0 | I98: =I23-I95 -> 0 | J98: =J23-J95 -> 0 | K98: =K23-K95 -> 0 | ... O98: =O23-O95 -> 0
B100: Solde encaisse du mois précédent | D100: ='Budget de caisse - An 2'!O102 -> 0 | E100: =D102 -> 0 | F100: =E102 -> 0 | G100: =F102 -> 0 | H100: =G102 -> 0 | I100: =H102 -> 0 | J100: =I102 -> 0 | K100: =J102 -> 0 | L100: =K102 -> 0 | ... O100: =N102 -> 0
B102: Solde à la fin du mois | D102: =D98+D100 -> 0 | E102: =E98+E100 -> 0 | F102: =F98+F100 -> 0 | G102: =G98+G100 -> 0 | H102: =H98+H100 -> 0 | I102: =I98+I100 -> 0 | J102: =J98+J100 -> 0 | K102: =K98+K100 -> 0 | ... O102: =O98+O100 -> 0
